| TOP OF THE 1ST |
|
San Diego Padres batting - Pitching for Washington Nationals : RHP Chad Mangum
|
|
Pitching: RHP Chad Mangum
|
|
|
Batting: RHB Hildo Pot
|
0-0: Ball 1-0: SINGLE (Groundball, 6MS, EV 69.4 MPH) (infield hit)
|
|
Batting: RHB Manny Vergara
|
0-0: Ball 1-0: Foul Ball, location: 2F 1-1: Ball 2-1: Ball 3-1: Called Strike 3-2: Grounds into double play, 6-4-3 (Groundball, 6, EV 84.4 MPH)
|
|
Batting: RHB Hugo Bautista
|
0-0: Ball 1-0: Called Strike 1-1: Called Strike 1-2: Foul Ball, location: 2F 1-2: SINGLE (Groundball, 6S, EV 71.9 MPH) (infield hit)
|
|
Batting: LHB Mike Holt
|
0-0: Ball 1-0: Foul Ball, location: 2F 1-1: Fly out, F7 (Flyball, 7, EV 87.5 MPH)
|
| Top of the 1st over - 0 runs, 2 hits, 0 errors, 1 left on base; San Diego 0 - Washington 0 |
| BOTTOM OF THE 1ST |
|
Washington Nationals batting - Pitching for San Diego Padres : RHP Isaac Spikes
|
|
Pitching: RHP Isaac Spikes
|
|
|
Batting: SHB Mark Rennie
|
0-0: Ball 1-0: Foul Ball, location: 2F 1-1: Ball 2-1: Called Strike 2-2: Foul Ball, location: 2F 2-2: Foul Ball, location: 2F 2-2: Fly out, F8 (Flyball, 89D, EV 77.5 MPH)
|
|
Batting: RHB Dave Vargas
|
0-0: Called Strike 0-1: Ball 1-1: Called Strike 1-2: Foul Ball, location: 2F 1-2: Ball 2-2: Ball 3-2: Ground out 4-3 (Groundball, 34, EV 93.1 MPH)
|
|
Batting: LHB Seth Cook
|
0-0: Ball 1-0: Ball 2-0: Called Strike 2-1: Ball 3-1: Ground out U3 (Groundball, 34, EV 100.6 MPH)
|
| Bottom of the 1st over - 0 runs, 0 hits, 0 errors, 0 left on base; San Diego 0 - Washington 0 |
| TOP OF THE 2ND |
|
San Diego Padres batting - Pitching for Washington Nationals : RHP Chad Mangum
|
|
Batting: RHB Kaeo Zirpoli
|
0-0: Called Strike 0-1: Ball 1-1: Ball 2-1: Ball 3-1: Foul Ball, location: 2F 3-2: Foul Ball, location: 2F 3-2: Base on Balls
|
|
Batting: RHB Elijah Campbell
|
0-0: Ball Wild Pitch! Kaeo Zirpoli to second 1-0: Ball 2-0: Ball 3-0: Base on Balls
|
|
Batting: LHB Carlos Cuellar
|
0-0: Ball 1-0: Foul Ball, location: 2F 1-1: Called Strike 1-2: Foul Ball, location: 2F 1-2: Ball 2-2: Ball 3-2: Foul Ball, location: 2F 3-2: SINGLE (Groundball, 4MD, EV 98.1 MPH) Kaeo Zirpoli to third Elijah Campbell to second
|
|
Batting: RHB Eisse Bravenboer
|
0-0: Grounds into double play, 5-4-3 (Groundball, 56, EV 86.9 MPH) Kaeo Zirpoli scores Elijah Campbell to third
|
|
Batting: LHB Hugo MacBeth
|
0-0: Ball 1-0: Ball 2-0: Foul Ball, location: 2F 2-1: Foul Ball, location: 2F 2-2: Foul Ball, location: 2F 2-2: Ball 3-2: Ground out 6-3 (Groundball, 6, EV 87.5 MPH)
|
| Top of the 2nd over - 1 run, 1 hit, 0 errors, 1 left on base; San Diego 1 - Washington 0 |
| BOTTOM OF THE 2ND |
|
Washington Nationals batting - Pitching for San Diego Padres : RHP Isaac Spikes
|
|
Batting: RHB John Sanders
|
0-0: Fly out, F9 (Flyball, 9D, EV 90.6 MPH)
|
|
Batting: SHB Tze-meng Gan
|
0-0: Fly out, F9 (Line Drive, 9LM, EV 90.6 MPH)
|
|
Batting: LHB Emmanuel Gaskin
|
0-0: Ball 1-0: Ball 2-0: Ground out U3 (Groundball, 34S, EV 80.6 MPH)
|
| Bottom of the 2nd over - 0 runs, 0 hits, 0 errors, 0 left on base; San Diego 1 - Washington 0 |
| TOP OF THE 3RD |
|
San Diego Padres batting - Pitching for Washington Nationals : RHP Chad Mangum
|
|
Batting: RHB Hildo Pot
|
0-0: Ball 1-0: Fly out, F8 (Flyball, 8LM, EV 75.6 MPH)
|
|
Batting: RHB Manny Vergara
|
0-0: Ball 1-0: Ball 2-0: Swinging Strike 2-1: Foul Ball, location: 2F 2-2: Strikes out swinging
|
|
Batting: RHB Hugo Bautista
|
0-0: Called Strike 0-1: Foul Ball, location: 2F 0-2: Ball 1-2: Foul Ball, location: 2F 1-2: Foul Ball, location: 2F 1-2: Strikes out looking
|
| Top of the 3rd over - 0 runs, 0 hits, 0 errors, 0 left on base; San Diego 1 - Washington 0 |
| BOTTOM OF THE 3RD |
|
Washington Nationals batting - Pitching for San Diego Padres : RHP Isaac Spikes
|
|
Batting: LHB Bi-jun Chien
|
0-0: Swinging Strike 0-1: Foul Ball, location: 2F 0-2: Ball 1-2: Foul Ball, location: 2F 1-2: Ball 2-2: Foul Ball, location: 2F 2-2: Foul Ball, location: 2F 2-2: Foul Ball, location: 2F 2-2: Ball 3-2: Strikes out looking
|
|
Batting: RHB Darren McCarty Jr.
|
0-0: Called Strike 0-1: Bunt missed! 0-2: Fly out, F8 (Flyball, 8LM, EV 90.6 MPH)
|
|
Batting: LHB Bob Melley
|
0-0: Swinging Strike 0-1: Ball 1-1: Swinging Strike 1-2: Ball 2-2: Ball 3-2: Ground out U3 (Groundball, 34, EV 80.6 MPH)
|
| Bottom of the 3rd over - 0 runs, 0 hits, 0 errors, 0 left on base; San Diego 1 - Washington 0 |
| TOP OF THE 4TH |
|
San Diego Padres batting - Pitching for Washington Nationals : RHP Chad Mangum
|
|
Batting: LHB Mike Holt
|
0-0: Called Strike 0-1: Ball 1-1: Ball 2-1: Foul Ball, location: 2F 2-2: Foul Ball, location: 2F 2-2: Ball 3-2: Base on Balls
|
|
Batting: RHB Kaeo Zirpoli
|
0-0: Called Strike 0-1: Ball 1-1: Ball 2-1: Foul Ball, location: 2F 2-2: Foul Ball, location: 2F 2-2: Foul Ball, location: 2F 2-2: Ball 3-2: Foul Ball, location: 2F 3-2: Foul Ball, location: 2F 3-2: SINGLE (Groundball, 34, EV 80.6 MPH) (infield hit) Mike Holt to second
|
|
Batting: RHB Elijah Campbell
|
0-0: Called Strike 0-1: Fly out, F8 (Flyball, 78XD, EV 100.6 MPH) Runner from 2nd tags up, SAFE at 3rd, no throw by CF
|
|
Batting: LHB Carlos Cuellar
|
0-0: Called Strike 0-1: Ball 1-1: Ball 2-1: Ball 3-1: Base on Balls Kaeo Zirpoli to second
|
|
Batting: RHB Eisse Bravenboer
|
0-0: Swinging Strike 0-1: Ball 1-1: Foul Ball, location: 2F 1-2: Ball 2-2: Foul Ball, location: 2F 2-2: Strikes out swinging
|
|
Batting: LHB Hugo MacBeth
|
0-0: Foul Ball, location: 2F 0-1: Foul Ball, location: 2F 0-2: Ball 1-2: Ball 2-2: Ground out 5-3 (Groundball, 56S, EV 66.2 MPH)
|
| Top of the 4th over - 0 runs, 1 hit, 0 errors, 3 left on base; San Diego 1 - Washington 0 |
| BOTTOM OF THE 4TH |
|
Washington Nationals batting - Pitching for San Diego Padres : RHP Isaac Spikes
|
|
Batting: SHB Mark Rennie
|
0-0: Ground out 2-3 (Groundball, 2L, EV 65.6 MPH)
|
|
Batting: RHB Dave Vargas
|
0-0: Foul Ball, location: 2F 0-1: Ball 1-1: Ball 2-1: SINGLE (Line Drive, 8RS, EV 107.5 MPH)
|
|
Batting: LHB Seth Cook
|
0-0: Ball Wild Pitch! Dave Vargas to second 1-0: SINGLE (Groundball, 23, EV 66.9 MPH) (infield hit) Dave Vargas to third
|
|
Batting: RHB John Sanders
|
0-0: Called Strike 0-1: Swinging Strike 0-2: Strikes out swinging
|
|
Batting: SHB Tze-meng Gan
|
0-0: Ball 1-0: Swinging Strike 1-1: Ball 2-1: Ball 3-1: Base on Balls Seth Cook to second
|
|
Batting: LHB Emmanuel Gaskin
|
0-0: Foul Ball, location: 2F 0-1: Called Strike 0-2: Foul Ball, location: 2F 0-2: Strikes out swinging
|
| Bottom of the 4th over - 0 runs, 2 hits, 0 errors, 3 left on base; San Diego 1 - Washington 0 |
| TOP OF THE 5TH |
|
San Diego Padres batting - Pitching for Washington Nationals : RHP Chad Mangum
|
|
Batting: RHB Hildo Pot
|
0-0: DOUBLE (Line Drive, 89XD, EV 106.2 MPH)
|
|
Batting: RHB Manny Vergara
|
0-0: Ball 1-0: Ball 2-0: Fly out, F8 (Flyball, 8LXD, EV 82.5 MPH) Runner from 2nd tags up, SAFE at 3rd, no throw by CF
|
|
Batting: RHB Hugo Bautista
|
0-0: Called Strike 0-1: Swinging Strike 0-2: Strikes out looking
|
|
Batting: LHB Mike Holt
|
0-0: Ball 1-0: Foul Ball, location: 2F 1-1: Ground out 5-3 (Groundball, 56S, EV 85.0 MPH)
|
| Top of the 5th over - 0 runs, 1 hit, 0 errors, 1 left on base; San Diego 1 - Washington 0 |
| BOTTOM OF THE 5TH |
|
Washington Nationals batting - Pitching for San Diego Padres : RHP Isaac Spikes
|
|
Batting: LHB Bi-jun Chien
|
0-0: Foul Ball, location: 2F 0-1: Ball 1-1: Ball 2-1: Fly out, F7 (Line Drive, 7S, EV 103.1 MPH)
|
|
Batting: RHB Darren McCarty Jr.
|
0-0: Ground out 6-3 (Groundball, 6, EV 101.2 MPH)
|
|
Batting: LHB Bob Melley
|
0-0: Ground out 4-3 (Groundball, 4, EV 85.6 MPH)
|
| Bottom of the 5th over - 0 runs, 0 hits, 0 errors, 0 left on base; San Diego 1 - Washington 0 |
| TOP OF THE 6TH |
|
San Diego Padres batting - Pitching for Washington Nationals : RHP Chad Mangum
|
|
Pitching: RHP Lionardo Rabelo
|
|
|
Batting: RHB Kaeo Zirpoli
|
0-0: Called Strike 0-1: Swinging Strike 0-2: Strikes out swinging
|
|
Batting: RHB Elijah Campbell
|
0-0: Ball 1-0: Swinging Strike 1-1: Ball 2-1: Ball 3-1: Called Strike 3-2: Base on Balls
|
|
Batting: LHB Carlos Cuellar
|
0-0: Ball 1-0: Called Strike 1-1: Called Strike 1-2: Ball 2-2: Ball 3-2: Strikes out swinging Elijah Campbell is caught stealing 2nd base 2-6 Batter strikes out.
|
| Top of the 6th over - 0 runs, 0 hits, 0 errors, 0 left on base; San Diego 1 - Washington 0 |
| BOTTOM OF THE 6TH |
|
Washington Nationals batting - Pitching for San Diego Padres : RHP Isaac Spikes
|
|
Batting: SHB Mark Rennie
|
0-0: Ball 1-0: Ball 2-0: Ball 3-0: Foul Ball, location: 2F 3-1: Base on Balls
|
|
Batting: RHB Dave Vargas
|
0-0: Fly out, F5 (Popup, 5SF, EV 82.5 MPH)
|
|
Batting: LHB Seth Cook
|
0-0: Called Strike 0-1: Fly out, F5 (Popup, 25F, EV 81.2 MPH)
|
|
Batting: RHB John Sanders
|
0-0: Foul Ball, location: 2F 0-1: Ball 1-1: Foul Ball, location: 2F 1-2: SINGLE (Groundball, 25, EV 71.9 MPH) (infield hit) Mark Rennie to second
|
|
Batting: SHB Tze-meng Gan
|
0-0: Fly out, F8 (Flyball, 89S, EV 96.9 MPH)
|
| Bottom of the 6th over - 0 runs, 1 hit, 0 errors, 2 left on base; San Diego 1 - Washington 0 |
| TOP OF THE 7TH |
|
San Diego Padres batting - Pitching for Washington Nationals : RHP Lionardo Rabelo
|
|
Batting: RHB Eisse Bravenboer
|
0-0: Called Strike 0-1: Foul Ball, location: 2F 0-2: Foul Ball, location: 2F 0-2: Ball 1-2: Ball 2-2: SOLO HOME RUN (Flyball, 8LXD, EV 108.1 MPH), Distance : 412 ft
|
|
Batting: LHB Hugo MacBeth
|
0-0: Ground out U3 (Groundball, 34, EV 83.8 MPH)
|
|
Batting: RHB Hildo Pot
|
0-0: Ball 1-0: Ball 2-0: Called Strike 2-1: Called Strike 2-2: Foul Ball, location: 2F 2-2: SINGLE (Line Drive, 89S, EV 94.4 MPH)
|
|
Batting: RHB Manny Vergara
|
0-0: Ball 1-0: Foul Ball, location: 2F 1-1: Foul Ball, location: 2F 1-2: Ball 2-2: Fly out, F7 (Flyball, 78M, EV 81.9 MPH)
|
|
Batting: RHB Hugo Bautista
|
0-0: Called Strike 0-1: Ball 1-1: Foul Ball, location: 2F 1-2: SINGLE (Flyball, 56D, EV 89.4 MPH) Hildo Pot to second
|
|
Batting: LHB Mike Holt
|
0-0: Ball 1-0: Foul Ball, location: 2F 1-1: Ball 2-1: Ball 3-1: SINGLE (Line Drive, 7S, EV 99.4 MPH) Hildo Pot to third Hugo Bautista to second
|
|
Batting: RHB Kaeo Zirpoli
|
0-0: Ball 1-0: Foul Ball, location: 2F 1-1: Ball Wild Pitch! Hildo Pot scores Hugo Bautista to third Mike Holt to second 2-1: Fly out, F7 (Line Drive, 7S, EV 91.2 MPH)
|
| Top of the 7th over - 2 runs, 4 hits, 0 errors, 2 left on base; San Diego 3 - Washington 0 |
| BOTTOM OF THE 7TH |
|
Washington Nationals batting - Pitching for San Diego Padres : RHP Isaac Spikes
|
|
Batting: LHB Emmanuel Gaskin
|
0-0: Foul Ball, location: 2F 0-1: Foul Ball, location: 2F 0-2: Foul Ball, location: 2F 0-2: Ground out U3 (Groundball, 3, EV 85.0 MPH)
|
|
Batting: LHB Bi-jun Chien
|
0-0: Called Strike 0-1: Ball 1-1: Ground out 4-3 (Groundball, 4MD, EV 105.6 MPH)
|
|
Batting: RHB Darren McCarty Jr.
|
0-0: Called Strike 0-1: Swinging Strike 0-2: Ball 1-2: Ground out 4-3 (Groundball, 4, EV 79.4 MPH)
|
| Bottom of the 7th over - 0 runs, 0 hits, 0 errors, 0 left on base; San Diego 3 - Washington 0 |
| TOP OF THE 8TH |
|
San Diego Padres batting - Pitching for Washington Nationals : RHP Lionardo Rabelo
|
|
Pitching: RHP Caleb Westbay
|
|
|
Batting: RHB Elijah Campbell
|
0-0: SINGLE (Groundball, 6MD, EV 96.2 MPH)
|
|
Batting: LHB Carlos Cuellar
|
0-0: Called Strike 0-1: Foul Ball, location: 2F 0-2: Ball 1-2: Strikes out swinging
|
|
Batting: RHB Eisse Bravenboer
|
0-0: Ball 1-0: Called Strike 1-1: Ball 2-1: Fielders Choice at 2nd, 5-4 (Groundball, 56, EV 87.5 MPH)
|
|
Batting: LHB Hugo MacBeth
|
0-0: Ground out 4-3 (Groundball, 34D, EV 106.9 MPH)
|
| Top of the 8th over - 0 runs, 1 hit, 0 errors, 1 left on base; San Diego 3 - Washington 0 |
| BOTTOM OF THE 8TH |
|
Washington Nationals batting - Pitching for San Diego Padres : RHP Isaac Spikes
|
|
Batting: LHB Bob Melley
|
0-0: Ball 1-0: Called Strike 1-1: Ball 2-1: Fly out, F9 (Line Drive, 9LD, EV 98.8 MPH)
|
|
Pitching: RHP Angelo Radford
|
|
|
Batting: SHB Mark Rennie
|
0-0: Swinging Strike 0-1: Ball 1-1: Swinging Strike 1-2: Ball 2-2: Foul Ball, location: 2F 2-2: Strikes out swinging
|
|
Batting: LHB Jeff Luvisi
|
0-0: Ball 1-0: Foul Ball, location: 2F 1-1: Foul Ball, location: 2F 1-2: Ball 2-2: Ball 3-2: Base on Balls
|
|
Batting: LHB Seth Cook
|
0-0: Ball 1-0: Fly out, F9 (Flyball, 9D, EV 91.2 MPH)
|
| Bottom of the 8th over - 0 runs, 0 hits, 0 errors, 1 left on base; San Diego 3 - Washington 0 |
| TOP OF THE 9TH |
|
San Diego Padres batting - Pitching for Washington Nationals : RHP Caleb Westbay
|
|
Batting: RHB Hildo Pot
|
0-0: Foul Ball, location: 2F 0-1: Ball 1-1: Swinging Strike 1-2: Foul Ball, location: 2F 1-2: Ground out 4-3 (Groundball, 4, EV 85.0 MPH)
|
|
Batting: RHB Manny Vergara
|
0-0: Ball 1-0: Ball 2-0: Called Strike 2-1: Foul Ball, location: 2F 2-2: Foul Ball, location: 2F 2-2: Ball 3-2: Foul Ball, location: 2F 3-2: Foul Ball, location: 2F 3-2: Base on Balls
|
|
Batting: RHB Hugo Bautista
|
0-0: Foul Ball, location: 2F 0-1: Foul Ball, location: 2F 0-2: Foul Ball, location: 2F 0-2: Foul Ball, location: 2F 0-2: Fly out, F9 (Flyball, 89D, EV 103.1 MPH)
|
|
Batting: LHB Mike Holt
|
0-0: Ball 1-0: Called Strike 1-1: DOUBLE (Flyball, 78XD, EV 95.0 MPH) Manny Vergara to third Runner from 3rd tries for Home, SAFE, throw by CF to home
|
|
Batting: RHB Kaeo Zirpoli
|
0-0: Ball 1-0: Fly out, F7 (Flyball, 78M, EV 93.8 MPH)
|
| Top of the 9th over - 1 run, 1 hit, 0 errors, 1 left on base; San Diego 4 - Washington 0 |
| BOTTOM OF THE 9TH |
|
Washington Nationals batting - Pitching for San Diego Padres : RHP Angelo Radford
|
|
Pitching: RHP Arturo Diaz
|
|
|
Batting: RHB John Sanders
|
0-0: Foul Ball, location: 2F 0-1: Ball 1-1: Ball 2-1: Foul Ball, location: 2F 2-2: Foul Ball, location: 2F 2-2: Foul Ball, location: 2F 2-2: Strikes out looking
|
|
Batting: SHB Tze-meng Gan
|
0-0: Called Strike 0-1: Called Strike 0-2: Strikes out swinging
|
|
Batting: LHB Emmanuel Gaskin
|
0-0: Called Strike 0-1: Ball 1-1: Fly out, F8 (Line Drive, 8LM, EV 96.9 MPH)
|
| Bottom of the 9th over - 0 runs, 0 hits, 0 errors, 0 left on base; San Diego 4 - Washington 0 |
|